[Event "GER-ch Youth U14W 2020"]
[Site "Willingen"]
[Date "2020.10.20"]
[Round "1.1"]
[White "Zhou, Lepu Coco"]
[Black "Ulrich, Helena Irene"]
[Result "1-0"]
[ECO "B30"]
[WhiteElo "1872"]
[BlackElo "1610"]
[Annotator "NA RC"]
[PlyCount "109"]
[EventDate "2020.10.20"]
[EventType "swiss"]
[EventRounds "7"]
[EventCountry "GER"]
[SourceTitle "playchess.com"]
[Source "ChessBase"]
[SourceQuality "1"]
[TimeControl "40/5400+30:1800+30"]

1. e4 c5 2. Nf3 Nc6 3. c4 e6 4. Nc3 d6 5. d4 cxd4 6. Nxd4 Nf6 7. Be3 Be7 8. Be2 O-O 9. O-O Bd7 10. Rc1 Nxd4 11. Bxd4 Bc6 12. f3 {[%emt 0:01:33] [#]} a5 $146 {[%emt 0:03:11] B54: Sicilian: 2...d6 3 d4 cxd4 4 Nxd4, Unusual Lines .} ({Predecessor:} 12... Nd7 13. Qd2 a5 14. b3 Qb8 15. Rfd1 Nc5 16. Bf1 Rd8 17. Qf2 b6 18. Nb5 Bf8 19. Qg3 Qb7 20. h4 Bxb5 21. cxb5 {0-1 (62) Schut,H (2101)-Steel,H (2418) chess.com INT 2020}) 13. b3 Qc7 14. Nd5 Qd8 15. Bb6 Qd7 16. Nxe7+ Qxe7 17. Qd2 a4 (17... Rfe8 $16) 18. b4 Rfc8 19. Rfd1 d5 20. b5 Be8 21. cxd5 exd5 22. exd5 Nxd5 23. Bd4 Nc7 24. b6 Ne6 25. Bf2 Rxc1 26. Rxc1 Rd8 27. Qe3 Qg5 $2 (27... Bc6 $11) 28. Qxg5 Nxg5 29. Be3 Ne6 {[%emt 0:00:31] [#]} 30. f4 $1 h6 31. f5 Nd4 32. Bxd4 $1 Rxd4 33. Rc8 Re4 34. Bb5 Kf8 {[%emt 0:00:08] [#]} 35. Bc6 $1 bxc6 36. b7 Rb4 37. b8=Q Rxb8 38. Rxb8 Ke7 39. Rb4 c5 40. Re4+ Kd8 41. Re5 c4 42. Rc5 Ke7 43. Rxc4 Kd6 44. Re4 Bc6 45. Rg4 Ke5 46. Rxg7 Kxf5 47. Rxf7+ Kg5 48. Rc7 Be8 49. Rc4 h5 (49... Kf6 $142 50. Kf2 Ke5) 50. Kf2 Kg6 51. Kg3 Kg5 52. Rc5+ Kg6 53. Kf4 Kf6 54. Ra5 $18 Kg6 55. Ra6+ 1-0

[Event "GER-ch Youth U14W 2020"]
[Site "Willingen"]
[Date "2020.10.20"]
[Round "1.2"]
[White "Zöllner, Bente"]
[Black "Bildat, Emilia"]
[Result "0-1"]
[ECO "A46"]
[WhiteElo "1630"]
[BlackElo "1704"]
[Annotator "NA RC"]
[PlyCount "108"]
[EventDate "2020.10.20"]
[EventType "swiss"]
[EventRounds "7"]
[EventCountry "GER"]
[SourceTitle "playchess.com"]
[Source "ChessBase"]
[SourceQuality "1"]
[TimeControl "40/5400+30:1800+30"]

1. d4 Nf6 2. Nf3 e6 3. Bg5 Be7 4. e3 c5 5. Nbd2 O-O 6. Bd3 Nc6 7. O-O d5 8. c4 dxc4 9. Nxc4 cxd4 10. exd4 Nd5 11. Bxe7 Qxe7 12. Ne3 Rd8 13. Nxd5 Rxd5 14. Be4 Rd6 15. Qd3 g6 16. Rfd1 Nb4 17. Qc4 Nd5 18. Ne5 b6 19. Bxd5 Rxd5 20. Rac1 f6 21. Ng4 Bd7 22. Ne3 Rd6 23. d5 Rc8 24. Qb3 Rxc1 25. Rxc1 exd5 26. Nxd5 Qf7 27. Rd1 Be6 28. Nxf6+ Kh8 29. Nd5 Rxd5 30. Qc3+ Kg8 31. Re1 Qd7 32. Qc1 Rd2 33. Qc3 Qd4 34. Qf3 Qd5 35. Qe3 Rd1 36. h3 Rxe1+ 37. Qxe1 Kf7 38. a3 Qd4 39. Qe2 Qd5 40. Qe3 Qd1+ 41. Kh2 Qd5 42. Qf4+ Ke7 43. Qe3 Kd6 44. g3 Qf5 45. Qd2+ Kc6 46. g4 Qf3 47. Qe1 Bd5 48. Qf1 Qf4+ 49. Kg1 Qd2 50. b4 Qb2 51. Qa6 Qc1+ 52. Kh2 Qh1+ 53. Kg3 Qf3+ 54. Kh4 Qxf2+ 0-1

[Event "GER-ch Youth U14W 2020"]
[Site "Willingen"]
[Date "2020.10.20"]
[Round "1.3"]
[White "Wagner, Margarethe"]
[Black "Deák-Sala, Emília"]
[Result "1-0"]
[ECO "B32"]
[WhiteElo "1804"]
[BlackElo "1641"]
[Annotator "NA RC"]
[PlyCount "101"]
[EventDate "2020.10.20"]
[EventType "swiss"]
[EventRounds "7"]
[EventCountry "GER"]
[SourceTitle "playchess.com"]
[Source "ChessBase"]
[SourceQuality "1"]
[TimeControl "40/5400+30:1800+30"]

1. e4 c5 2. Nf3 Nc6 3. d4 cxd4 4. Nxd4 Qb6 5. Nb3 Nf6 6. Nc3 e6 7. a3 Be7 8. Be2 {[%emt 0:03:40] B33: Sicilian: Pelikan and Sveshnikov Variations.} Qc7 9. O-O {[%emt 0:03:55] [#]} b6 $146 ({Predecessor:} 9... O-O 10. Be3 d5 11. exd5 Rd8 12. Nb5 Qe5 13. d6 Bxd6 14. Nxd6 Rxd6 15. Qc1 Nd5 {1-0 (26) Lewicki,M (2361)-Ludishev,A (1714) Krakow 2018}) 10. f4 O-O 11. e5 Ne8 12. Bf3 (12. Nb5 $5 Qd8 13. Qd3 $14) 12... Bb7 13. Qe2 f6 14. Nb5 Qb8 15. Rd1 a6 16. Nc3 Qc7 17. Kh1 ({Better is} 17. exf6 $11 Nxf6 18. Be3) 17... Rb8 18. Re1 (18. Qd3 $11 {keeps the balance.}) 18... fxe5 19. fxe5 Bh4 20. Rf1 $1 Nxe5 21. Bxb7 Rxf1+ ({Much worse is} 21... Rxb7 $6 22. Rxf8+ Kxf8 23. Bf4 $14) 22. Qxf1 Ng4 (22... Rxb7 $15 23. Bf4 Bf6) 23. Bf4 Qxb7 24. Bxb8 Qxb8 25. g3 Nef6 {[%emt 0:05:42] [#]} 26. Qf3 ({Don't play} 26. Qxa6 $6 Nxh2 27. gxh4 Nf3 $11) (26. Nd2 $1 $16) 26... Bg5 27. Re1 Ne5 28. Qg2 ({Better is} 28. Qe2 $14 Qb7+ 29. Qg2 Qxg2+ 30. Kxg2) 28... Nfg4 29. Nd1 Qf8 $2 {[%emt 0:00:54] [#]} (29... Nf6 $14) 30. Nd4 (30. h3 $1 $18) 30... h6 31. h3 Qc5 32. Nb3 ({Not} 32. hxg4 Qxd4 33. Qe4 Qxe4+ 34. Rxe4 Bf6 $11) 32... Qd6 33. hxg4 Nxg4 34. Qf3 Ne5 35. Qe4 ({Don't play} 35. Qa8+ Kf7 $18) 35... Nc6 36. Kg2 a5 37. Qd3 Qc7 38. Qe4 Qd6 39. Qd3 $2 ({White should try} 39. Nf2 $18) 39... Qc7 $1 40. Nf2 Bf6 41. c3 Ne5 42. Qe4 Nc4 43. Ng4 Bg5 44. Re2 Nd6 45. Qf3 Nf5 $18 46. Nd4 Nd6 47. Rf2 Nc4 48. Qf8+ Kh7 49. Rf7 Kg6 50. Rxg7+ Kh5 51. Nf6+ 1-0

[Event "GER-ch Youth U14W 2020"]
[Site "Willingen"]
[Date "2020.10.20"]
[Round "1.4"]
[White "Lorenz, Anouk"]
[Black "Sereda, Yaroslava"]
[Result "0-1"]
[ECO "B39"]
[WhiteElo "1504"]
[BlackElo "1756"]
[Annotator "NA RC"]
[PlyCount "178"]
[EventDate "2020.10.20"]
[EventType "swiss"]
[EventRounds "7"]
[EventCountry "GER"]
[SourceTitle "playchess.com"]
[Source "ChessBase"]
[SourceQuality "1"]
[TimeControl "40/5400+30:1800+30"]

1. e4 c5 2. Nf3 Nc6 3. d4 cxd4 4. Nxd4 g6 5. c4 Bg7 6. Be3 Nf6 7. Nc3 Ng4 8. Qxg4 Nxd4 9. Qd1 Ne6 10. Rc1 a5 11. Qd2 b6 12. Bd3 O-O 13. Bb1 d6 14. O-O Nc5 15. Rfd1 Bb7 16. f3 Rc8 17. b3 Bc6 18. Qe2 Bd7 19. Nd5 Be6 20. Kh1 Bxd5 21. Rxd5 Qd7 22. Rcd1 Qe6 23. Qe1 Rc6 24. Bf4 Nd7 25. Bg3 Nf6 26. R5d2 Nh5 27. Bf2 Bc3 28. Bd4 Bxd2 29. Qxd2 f6 30. g4 Ng7 31. Qh6 Qf7 32. a3 Ne6 33. Be3 Qg7 34. Qh4 g5 35. Qf2 Nc5 36. Bc2 Kh8 37. a4 Qf7 38. Bxc5 bxc5 39. h3 h5 40. Kg2 Kg7 41. Rh1 Rh8 42. Qe1 Qe6 43. Qd1 Qe5 44. Qd3 Rcc8 45. Qd1 Rb8 46. Qd3 Rh6 47. Qd2 Rb4 48. Qd3 Qf4 49. Qd1 Qe3 50. Re1 Qc3 51. Re2 Rb8 52. Qd2 Qxd2 53. Rxd2 Rbh8 54. Rd3 Kf7 55. Bd1 hxg4 56. fxg4 Ke6 57. Bc2 Ke5 58. Rf3 e6 59. Rg3 Rd8 60. Rd3 Rhh8 61. Rd2 d5 62. exd5 exd5 63. Re2+ Kd4 64. cxd5 Rxd5 65. Rd2+ Ke5 66. Re2+ Kd6 67. Bf5 Re5 68. Rd2+ Kc6 69. Bd7+ Kc7 70. Bb5 Rd8 71. Rf2 Rd6 72. Rc2 Kb6 73. Rf2 Red5 74. Kg3 Rd2 75. Rf3 Kc7 76. Rf1 Re6 77. Rf3 Kd8 78. Bc4 Red6 79. Rf5 Rc6 80. Bb5 Re6 81. Bc4 Re3+ 82. Rf3 Rxf3+ 83. Kxf3 Rd4 84. Ke3 Ke7 85. Kf3 Kd6 86. Ke2 Ke5 87. Ke3 Re4+ 88. Kf3 Rxc4 89. bxc4 Kd4 0-1

[Event "GER-ch Youth U14W 2020"]
[Site "Willingen"]
[Date "2020.10.20"]
[Round "1.5"]
[White "Voigt, Anastasia"]
[Black "Petersen, Sophie"]
[Result "1-0"]
[ECO "B90"]
[WhiteElo "1562"]
[BlackElo "1524"]
[Annotator "NA RC"]
[PlyCount "61"]
[EventDate "2020.10.20"]
[EventType "swiss"]
[EventRounds "7"]
[EventCountry "GER"]
[SourceTitle "playchess.com"]
[Source "ChessBase"]
[SourceQuality "1"]
[TimeControl "40/5400+30:1800+30"]

1. e4 c5 2. Nf3 d6 3. d4 cxd4 4. Nxd4 Nf6 5. Nc3 a6 6. Bd3 e5 7. Nde2 Be7 8. Ng3 Be6 9. O-O Nbd7 10. Re1 O-O 11. Nd5 Nb6 12. c4 Nbxd5 13. exd5 Bc8 14. Nf5 Bxf5 15. Bxf5 Qc7 16. b3 Rfe8 17. Be3 g6 18. Bd3 Bf8 19. b4 b6 20. Rc1 Rab8 21. Qa4 a5 22. a3 Qd7 23. Bc2 Rec8 24. Qxd7 Nxd7 25. Ba4 Nf6 26. Bc6 Kg7 27. bxa5 bxa5 28. Bd2 Ng8 29. Bxa5 Ne7 30. Bd7 Rc5 31. Bb4 1-0

[Event "GER-ch Youth U14W 2020"]
[Site "Willingen"]
[Date "2020.10.20"]
[Round "1.6"]
[White "Hubert, Charlotte"]
[Black "Becker, Linda"]
[Result "1/2-1/2"]
[ECO "C09"]
[WhiteElo "1438"]
[BlackElo "1767"]
[Annotator "NA RC"]
[PlyCount "110"]
[EventDate "2020.10.20"]
[EventType "swiss"]
[EventRounds "7"]
[EventCountry "GER"]
[SourceTitle "playchess.com"]
[Source "ChessBase"]
[SourceQuality "1"]
[TimeControl "40/5400+30:1800+30"]

1. e4 e6 2. d4 d5 3. Nd2 c5 4. exd5 exd5 5. Ngf3 Nc6 6. Bb5 cxd4 7. Nxd4 Bd7 8. Nxc6 bxc6 9. Bd3 Bd6 10. O-O Ne7 11. Nf3 O-O 12. c4 a5 13. Qc2 Ng6 14. Bg5 Qb8 15. h4 Bg4 16. c5 Bf4 17. Nd4 Bxg5 18. hxg5 Qf4 19. Nxc6 Qxg5 20. Nd4 Bh3 21. f4 Nxf4 22. Qd2 Bf5 23. Qxf4 Qxf4 24. Rxf4 Bxd3 25. Rc1 Rfe8 26. Rc3 Re4 27. Rxe4 dxe4 28. c6 Re8 29. c7 Ba6 30. Nf5 e3 31. Rxe3 Rxe3 32. Nxe3 Kf8 33. Nf5 Ke8 34. Nd6+ Kd7 35. Nxf7 Kxc7 36. Ng5 Bc4 37. b3 Bg8 38. Kf2 h6 39. Ne4 Kc6 40. Ke3 Bd5 41. g4 Be6 42. Kf4 Kd5 43. Nc3+ Kc5 44. Na4+ Kb4 45. Nb6 Ka3 46. Nc4+ Kxa2 47. Nxa5 g5+ 48. Kg3 Ka3 49. Nc6 Bxb3 50. Nd4 Bd1 51. Nf5 h5 52. gxh5 Bxh5 53. Ng7 Bd1 54. Ne6 g4 55. Nf4 Bf3 1/2-1/2

[Event "GER-ch Youth U14W 2020"]
[Site "Willingen"]
[Date "2020.10.20"]
[Round "1.7"]
[White "Werner, Rosalie"]
[Black "Sinner, Joselyne"]
[Result "1-0"]
[ECO "C50"]
[WhiteElo "1688"]
[BlackElo "1414"]
[Annotator "NA RC"]
[PlyCount "73"]
[EventDate "2020.10.20"]
[EventType "swiss"]
[EventRounds "7"]
[EventCountry "GER"]
[SourceTitle "playchess.com"]
[Source "ChessBase"]
[SourceQuality "1"]
[TimeControl "40/5400+30:1800+30"]

1. e4 e5 2. Nf3 Nc6 3. Bc4 Nf6 4. d3 Bc5 5. c3 d6 6. h3 h6 7. Bb3 a6 8. Nbd2 Ba7 9. Nf1 Be6 10. Ng3 g6 11. O-O Qe7 12. Re1 O-O-O 13. Be3 Bxe3 14. Rxe3 Nd7 15. d4 Bxb3 16. Qxb3 Rdf8 17. Qc2 f6 18. d5 Nd8 19. b4 Qf7 20. Nh4 Rhg8 21. c4 Qe7 22. Nf3 Rg7 23. a4 c6 24. b5 c5 25. bxa6 bxa6 26. a5 Nb8 27. Rb1 Qa7 28. Reb3 Rb7 29. Rb6 Rxb6 30. Rxb6 Nb7 31. Qa4 Kd8 32. Nh4 Rg8 33. Ne2 Nd7 34. Rb1 Ke7 35. Nc3 Kf7 36. Qxd7+ Kf8 37. Rxb7 1-0

[Event "GER-ch Youth U14W 2020"]
[Site "Willingen"]
[Date "2020.10.20"]
[Round "1.8"]
[White "Schulz, Hannah"]
[Black "Fischer, Darja"]
[Result "1-0"]
[ECO "B28"]
[WhiteElo "1589"]
[BlackElo "1598"]
[Annotator "NA RC"]
[PlyCount "155"]
[EventDate "2020.10.20"]
[EventType "swiss"]
[EventRounds "7"]
[EventCountry "GER"]
[SourceTitle "playchess.com"]
[Source "ChessBase"]
[SourceQuality "1"]
[TimeControl "40/5400+30:1800+30"]

1. e4 c5 2. Nf3 a6 3. c3 d5 4. exd5 Qxd5 5. d4 e6 6. g3 Nf6 7. Bg2 Nc6 8. O-O Qd8 9. Ne5 Nxe5 10. dxe5 Nd7 11. f4 Be7 12. Nd2 O-O 13. Ne4 Qc7 14. Be3 Rd8 15. Qc2 Nb6 16. Rad1 Nd5 17. Bf2 b6 18. c4 Nb4 19. Qb3 Bb7 20. a3 Nc6 21. Rxd8+ Rxd8 22. Rd1 Nd4 23. Bxd4 Rxd4 24. Rxd4 cxd4 25. Qd3 Qd7 26. b4 h6 27. Nd2 Bxg2 28. Kxg2 a5 29. b5 Bc5 30. a4 Qe7 31. Nb3 Qb7+ 32. Qf3 Qd7 33. Qc6 Qd8 34. Nxc5 bxc5 35. Qd6 Qa8+ 36. Qc6 Qd8 37. Kf2 d3 38. Qd6 Qa8 39. Qxd3 Qh1 40. Qf3 Qb1 41. Qa8+ Kh7 42. Qxa5 Qc2+ 43. Ke3 Qxc4 44. b6 Qb3+ 45. Kd2 c4 46. Qc3 Qxb6 47. Qxc4 Qf2+ 48. Qe2 Qb6 49. Qb5 Qa7 50. a5 g6 51. a6 Qd4+ 52. Qd3 Qb2+ 53. Qc2 Qd4+ 54. Ke2 Qg1 55. Kd3 Qf1+ 56. Qe2 Qb1+ 57. Kc4 Qc1+ 58. Kb5 Qb1+ 59. Kc6 Qh1+ 60. Kc7 Qd5 61. Qe3 Qc4+ 62. Kb7 Qb5+ 63. Qb6 Qd7+ 64. Qc7 Qd5+ 65. Kb8 Qb5+ 66. Qb7 Qe8+ 67. Kc7 Qe7+ 68. Kc6 Qe8+ 69. Kd6 Qd8+ 70. Qd7 Qf8+ 71. Kc7 Qc5+ 72. Kd8 Qb6+ 73. Ke8 Kg7 74. Qxf7+ Kh8 75. Qf6+ Kh7 76. Kf7 Qc7+ 77. Qe7 Qc6 78. Kf6+ 1-0

[Event "GER-ch Youth U14W 2020"]
[Site "Willingen"]
[Date "2020.10.20"]
[Round "1.9"]
[White "Buchholz, Maja"]
[Black "Alferova, Emily"]
[Result "1/2-1/2"]
[ECO "A11"]
[WhiteElo "1628"]
[BlackElo "1329"]
[Annotator "NA RC"]
[PlyCount "72"]
[EventDate "2020.10.20"]
[EventType "swiss"]
[EventRounds "7"]
[EventCountry "GER"]
[SourceTitle "playchess.com"]
[Source "ChessBase"]
[SourceQuality "1"]
[TimeControl "40/5400+30:1800+30"]

1. c4 c6 2. g3 d5 3. Bg2 Nf6 4. Nf3 Bf5 5. O-O e6 6. b3 h6 7. Bb2 Be7 8. Na3 O-O 9. d3 Nbd7 10. Nc2 a5 11. a3 Qb6 12. Rb1 Rfd8 13. Nd2 Bh7 14. b4 Qc7 15. c5 axb4 16. axb4 b6 17. d4 Ra4 18. Ra1 Bxc2 19. Qxc2 Rxb4 20. Ba3 Rb5 21. cxb6 Nxb6 22. Bxe7 Qxe7 23. Qxc6 Rb2 24. Qc3 Qb4 25. Qxb4 Rxb4 26. Nf3 g5 27. h3 Nc4 28. e3 Rdb8 29. Rfc1 Rb2 30. Bf1 Nd2 31. Ne5 Nb3 32. Nc6 Nxa1 33. Nxb8 Rxb8 34. Rxa1 Rb2 35. Bg2 Kg7 36. Bf3 Rc2 1/2-1/2

[Event "GER-ch Youth U14W 2020"]
[Site "Willingen"]
[Date "2020.10.20"]
[Round "1.10"]
[White "Wörz, Ann-Sophie"]
[Black "Roncea, Andrea-Alexandra"]
[Result "1-0"]
[ECO "A14"]
[WhiteElo "1473"]
[BlackElo "1644"]
[Annotator "NA RC"]
[PlyCount "73"]
[EventDate "2020.10.20"]
[EventType "swiss"]
[EventRounds "7"]
[EventCountry "GER"]
[SourceTitle "playchess.com"]
[Source "ChessBase"]
[SourceQuality "1"]
[TimeControl "40/5400+30:1800+30"]

1. c4 e6 2. g3 d5 3. Bg2 Nf6 4. Nf3 Be7 5. O-O O-O 6. b3 b6 7. Bb2 Bb7 8. d4 Na6 9. Nc3 c5 10. cxd5 exd5 11. Rc1 Ne4 12. Nxe4 dxe4 13. Nd2 f5 14. Nc4 Bf6 15. Ne5 Re8 16. f4 exf3 17. Bxf3 Bxf3 18. exf3 Qd5 19. f4 Rad8 20. dxc5 Nxc5 21. Qc2 Qe4 22. Ba1 Qe3+ 23. Kh1 Bxe5 24. Qc4+ Ne6 25. Rce1 Qd2 26. Rxe5 Rd6 27. Rfe1 Kf7 28. Rxf5+ Kg6 29. Rfe5 Nxf4 30. Qe4+ Kh6 31. Rxe8 Nh5 32. Re6+ Rxe6 33. Qxe6+ g6 34. Qe3+ Qxe3 35. Rxe3 a5 36. Re6 b5 37. Ra6 1-0

[Event "GER-ch Youth U14W 2020"]
[Site "Willingen"]
[Date "2020.10.20"]
[Round "1.13"]
[White "Cordes, Jule"]
[Black "Foos, Vanessa"]
[Result "1-0"]
[ECO "D31"]
[WhiteElo "1718"]
[BlackElo "1328"]
[Annotator "NA RC"]
[PlyCount "77"]
[EventDate "2020.10.20"]
[EventType "swiss"]
[EventRounds "7"]
[EventCountry "GER"]
[SourceTitle "playchess.com"]
[Source "ChessBase"]
[SourceQuality "1"]
[TimeControl "40/5400+30:1800+30"]

1. d4 d5 2. c4 e6 3. Nc3 c6 4. Nf3 f5 5. Bf4 Nf6 6. e3 Be7 7. Be2 O-O 8. h3 Ne4 9. O-O Bd7 10. Qc2 Be8 11. c5 Bh5 12. b4 Nd7 13. a4 Rb8 14. Bxb8 Qxb8 15. b5 f4 16. Nxe4 dxe4 17. Qxe4 Rf6 18. exf4 Qxf4 19. Qxf4 Rxf4 20. bxc6 bxc6 21. Rfd1 Bg6 22. Ra2 Bf6 23. Rad2 a5 24. g3 Rf5 25. Nh2 Bg5 26. Rb2 Rf7 27. Bd3 Bxd3 28. Rxd3 Bf6 29. Ng4 Bd8 30. f4 Kf8 31. Ne5 Nxe5 32. fxe5 Ke8 33. Rb8 Rd7 34. Kf2 Kf7 35. Ke3 Kg6 36. Rc8 Bg5+ 37. Ke2 Kf5 38. Rxc6 Bd8 39. Rd6 1-0

[Event "GER-ch Youth U14W 2020"]
[Site "Willingen"]
[Date "2020.10.21"]
[Round "2.1"]
[White "Prinzen, Siri Marleen"]
[Black "Zhou, Lepu Coco"]
[Result "0-1"]
[ECO "C50"]
[WhiteElo "1712"]
[BlackElo "1872"]
[Annotator "NA RC"]
[PlyCount "96"]
[EventDate "2020.10.20"]
[EventType "swiss"]
[EventRounds "7"]
[EventCountry "GER"]
[SourceTitle "playchess.com"]
[Source "ChessBase"]
[SourceQuality "1"]
[TimeControl "40/5400+30:1800+30"]

1. e4 e5 2. Nf3 Nc6 3. Bc4 Be7 4. O-O d6 5. c3 Nf6 6. Re1 O-O 7. d3 Na5 8. Bb5 a6 9. Ba4 b5 10. Bc2 c5 11. d4 Qc7 12. Nbd2 Bg4 {[%emt 0:03:35] C90: Closed Ruy Lopez with 7...d6: Early deviations.} 13. d5 {[%emt 0:03:23] [#]} c4 $146 ({Predecessor:} 13... Ne8 14. Nf1 g6 15. Bh6 Ng7 16. Ne3 Bd7 17. Qd2 Nb7 18. Ng5 Nd8 19. Rad1 f6 20. Ne6 Ndxe6 21. dxe6 Bxe6 {0-1 (52) Kestlane,H (1795)-Macura,E (1953) Velke Losiny 2013}) 14. Nf1 Nb7 15. h3 Bc8 16. Be3 a5 17. a4 b4 18. cxb4 ({White should play} 18. N3d2 $14) 18... axb4 19. Qc1 (19. Qd2 $11) 19... Nc5 20. Bxc5 dxc5 $2 (20... Qxc5 $17 {and life is bright.} 21. Qe3 Ra5) 21. Ne3 Ba6 22. Nf5 Ne8 23. Nxe7+ Qxe7 24. Qe3 b3 ({Black should try} 24... f6 $14) 25. Bd1 Bb5 (25... Nd6 $16 {is a better defense.}) 26. Bxb3 $1 cxb3 27. axb5 Rxa1 (27... Rb8 $142 28. Qxb3 Nd6) 28. Rxa1 c4 29. Qc3 Nd6 30. Qxe5 $2 (30. Qb4 $18 {and White stays clearly on top.}) 30... Qxe5 31. Nxe5 f6 32. Nc6 Nxb5 33. Na5 (33. Ra4 $16 c3 34. bxc3) 33... Nd6 34. Nc6 Nxe4 35. Rc1 c3 36. Nd4 Rd8 $2 ({Weaker is} 36... cxb2 37. Rb1 $17) (36... Ra8 $19 {has better winning chances.} 37. d6 Kf7) 37. f3 $2 (37. Nxb3 $17 cxb2 38. Rb1) 37... cxb2 38. Rb1 Rxd5 39. fxe4 (39. Nxb3 $142 Rb5 40. fxe4 Rxb3 41. Kf2) 39... Rxd4 40. Rxb2 Rd3 41. Kf2 Rc3 42. Ke2 Kf7 43. Kd2 Rg3 44. Kc1 Ke6 45. Re2 Ke5 46. Kd1 Rc3 47. h4 Kd4 48. g4 $19 Re3 0-1

[Event "GER-ch Youth U14W 2020"]
[Site "Willingen"]
[Date "2020.10.21"]
[Round "2.2"]
[White "Bildat, Emilia"]
[Black "Cordes, Jule"]
[Result "1-0"]
[ECO "A20"]
[WhiteElo "1704"]
[BlackElo "1718"]
[Annotator "NA RC"]
[PlyCount "61"]
[EventDate "2020.10.20"]
[EventType "swiss"]
[EventRounds "7"]
[EventCountry "GER"]
[SourceTitle "playchess.com"]
[Source "ChessBase"]
[SourceQuality "1"]
[TimeControl "40/5400+30:1800+30"]

1. c4 e5 2. g3 Nf6 3. Bg2 d5 4. cxd5 Nxd5 5. Nc3 Nb6 6. Nf3 Nc6 7. O-O Be7 8. d3 O-O 9. Be3 Re8 10. a3 Bf8 11. Ne4 Nd4 12. Rc1 a5 13. Nc5 c6 14. Bxd4 exd4 15. Nb3 Na4 16. Nbxd4 Nxb2 17. Qb3 Qf6 18. Rc2 Nxd3 19. Qxd3 c5 20. Qb5 Bg4 21. Nb3 b6 22. Rd1 Rab8 23. Nbd2 Bf5 24. Rcc1 Qe6 25. Nc4 Qf6 26. Rd2 Be7 27. Nfe5 Qh6 28. Nc6 Rbc8 29. Nxe7+ Rxe7 30. Qxb6 Qg5 31. Qd8+ 1-0

[Event "GER-ch Youth U14W 2020"]
[Site "Willingen"]
[Date "2020.10.21"]
[Round "2.3"]
[White "Pohle, Saskia"]
[Black "Wagner, Margarethe"]
[Result "1/2-1/2"]
[ECO "B90"]
[WhiteElo "1749"]
[BlackElo "1804"]
[Annotator "NA RC"]
[PlyCount "85"]
[EventDate "2020.10.20"]
[EventType "swiss"]
[EventRounds "7"]
[EventCountry "GER"]
[SourceTitle "playchess.com"]
[Source "ChessBase"]
[SourceQuality "1"]
[TimeControl "40/5400+30:1800+30"]

1. e4 c5 2. Nf3 d6 3. d4 cxd4 4. Nxd4 Nf6 5. Nc3 a6 6. h3 e5 7. Nb3 Be7 {[%emt 0:00:42] B90: Sicilian Najdorf: Unusual White 6th moves, 6 Be3 Ng4 and 6 Be3 e5.} 8. Be3 Be6 9. f4 exf4 10. Bxf4 Nc6 11. Qe2 Ne5 12. O-O-O Qc7 {[%emt 0:02:00] 12...Nfd7 injects fresh life into this line.} 13. g4 h6 14. Qg2 b5 {[%emt 0:05:58] [#]} 15. Nd5 $146 ({Predecessor:} 15. Nd4 O-O 16. Kb1 Rac8 17. Nd5 Bxd5 18. exd5 Nfd7 19. Be2 Nb6 20. h4 Ng6 21. Bc1 {1-0 (33) Dijkhuis,T (2327)-Gieben,S (2134) Vlissingen 2014}) 15... Bxd5 16. exd5 Nfd7 17. Nd4 Ng6 18. Bg3 Nde5 19. h4 Bf6 20. Kb1 Rc8 $2 (20... Nxg4 $14 21. Qe4+ N4e5) 21. Re1 Kf8 22. Rc1 (22. Nf5 $16) 22... Nc4 {[%emt 0:07:28] [#]} (22... Nxg4 $11 {keeps the balance.} 23. h5 Ne7) 23. Bxc4 $1 bxc4 (23... Bxd4 $16 24. Bb3 Re8) 24. Nc6 c3 25. b3 Ne5 {[%emt 0:02:55] [#]} 26. g5 $1 Be7 27. Bxe5 dxe5 28. Qg3 Qd6 29. Rcd1 f6 30. gxf6 Bxf6 31. Qxc3 e4 32. Qe3 Re8 33. c4 Qa3 (33... Kf7 $142 34. Rd2 Kg8) 34. Nd4 a5 35. Qc1 $2 (35. Rhf1) 35... Qc5 $2 (35... Qd6 {is a better defense.} 36. Nc6 e3) 36. Ne6+ $11 (36. Qf4 $18 Qa3 37. Rh2) 36... Rxe6 $1 37. dxe6 Qe5 38. Qa3+ Kg8 39. Rh3 e3 40. Rhh1 $2 (40. Rxe3 Qxe3 41. Qxa5) 40... Qa1+ 41. Kc2 Qc3+ 42. Kb1 Qa1+ 43. Kc2 1/2-1/2

[Event "GER-ch Youth U14W 2020"]
[Site "Willingen"]
[Date "2020.10.21"]
[Round "2.4"]
[White "Sereda, Yaroslava"]
[Black "Schulz, Hannah"]
[Result "0-1"]
[ECO "B34"]
[WhiteElo "1756"]
[BlackElo "1589"]
[Annotator "NA RC"]
[PlyCount "76"]
[EventDate "2020.10.20"]
[EventType "swiss"]
[EventRounds "7"]
[EventCountry "GER"]
[SourceTitle "playchess.com"]
[Source "ChessBase"]
[SourceQuality "1"]
[TimeControl "40/5400+30:1800+30"]

1. e4 c5 2. Nf3 Nc6 3. d4 cxd4 4. Nxd4 g6 5. Nc3 Bg7 6. Be3 Nf6 7. Be2 O-O 8. Nb3 a5 9. a4 d5 10. exd5 Nb4 11. Bf3 e5 12. dxe6 Bxe6 13. Nd4 Bg4 14. O-O Bxf3 15. Qxf3 Nfd5 16. Nxd5 Nxd5 17. Rad1 Nxe3 18. Qxe3 Qb6 19. c3 Qxb2 20. Rb1 Qa2 21. Rxb7 Qxa4 22. Nb5 Rab8 23. Qb6 Rxb7 24. Qxb7 Qb3 25. Qc6 a4 26. Qa6 Rb8 27. Nd6 Bxc3 28. Nc4 Bg7 29. Re1 Bf8 30. h3 a3 31. Ra1 Qc3 32. Rd1 Qc2 33. Ra1 Rb1+ 34. Rxb1 Qxb1+ 35. Kh2 a2 36. Qf6 a1=Q 37. Ne5 Qg1+ 38. Kg3 Qc3+ 0-1

[Event "GER-ch Youth U14W 2020"]
[Site "Willingen"]
[Date "2020.10.21"]
[Round "2.5"]
[White "Wörz, Ann-Sophie"]
[Black "Voigt, Anastasia"]
[Result "1/2-1/2"]
[ECO "A14"]
[WhiteElo "1473"]
[BlackElo "1562"]
[Annotator "NA RC"]
[PlyCount "55"]
[EventDate "2020.10.20"]
[EventType "swiss"]
[EventRounds "7"]
[EventCountry "GER"]
[SourceTitle "playchess.com"]
[Source "ChessBase"]
[SourceQuality "1"]
[TimeControl "40/5400+30:1800+30"]

1. c4 e6 2. g3 d5 3. Bg2 Nf6 4. Nf3 Be7 5. O-O O-O 6. b3 c5 7. cxd5 exd5 8. d4 b6 9. Nc3 Bb7 10. Bb2 Nbd7 11. Nh4 Re8 12. Nf5 Bf8 13. Nb5 Bc6 14. Nc3 g6 15. Ne3 cxd4 16. Qxd4 Bc5 17. Qd2 Bxe3 18. fxe3 Ne5 19. Rad1 Neg4 20. Nxd5 Bxd5 21. Bxf6 Nxf6 22. Bxd5 Nxd5 23. Qxd5 Qxd5 24. Rxd5 Rad8 25. e4 Kf8 26. Kf2 Rc8 27. Ke3 Rc2 28. a4 1/2-1/2

[Event "GER-ch Youth U14W 2020"]
[Site "Willingen"]
[Date "2020.10.21"]
[Round "2.6"]
[White "Kanno, Clara Yumi"]
[Black "Werner, Rosalie"]
[Result "0-1"]
[ECO "C02"]
[WhiteElo "1127"]
[BlackElo "1688"]
[Annotator "NA RC"]
[PlyCount "60"]
[EventDate "2020.10.20"]
[EventType "swiss"]
[EventRounds "7"]
[EventCountry "GER"]
[SourceTitle "playchess.com"]
[Source "ChessBase"]
[SourceQuality "1"]
[TimeControl "40/5400+30:1800+30"]

1. e4 e6 2. d4 d5 3. e5 c5 4. c3 Qb6 5. a3 Bd7 6. b4 cxd4 7. cxd4 Bb5 8. Be2 Nc6 9. Bb2 Bxe2 10. Nxe2 Nge7 11. O-O Nf5 12. Qd3 Be7 13. Nd2 O-O 14. Nf3 Rac8 15. g4 Nh4 16. Rfd1 a6 17. Bc1 Nxf3+ 18. Qxf3 f6 19. Qg3 fxe5 20. dxe5 Nxe5 21. Be3 Nf3+ 22. Qxf3 Qb5 23. a4 Qc4 24. Qg3 Qxe2 25. Rab1 Rc4 26. Rd4 Rxd4 27. Bxd4 Qe4 28. Bc3 Qxb1+ 29. Kg2 d4 30. Bd2 Bxb4 0-1